[Event "Turkish Cup 2022"]
[Site "Sakarya"]
[Date "2022.03.27"]
[Round "4.26"]
[White "Karacor, Kemal"]
[Black "Akin, Kadir"]
[Result "0-1"]
[ECO "D23"]
[WhiteElo "1700"]
[BlackElo "1964"]
[Annotator "NA"]
[PlyCount "90"]
[EventDate "2022.03.25"]
[EventType "swiss"]
[EventCountry "TUR"]
[SourceTitle "playchess.com"]
[Source "ChessBase"]
[SourceQuality "1"]
[TimeControl "5400+30"]

1. d4 d5 2. c4 dxc4 3. Qa4+ c6 4. Qxc4 Nf6 5. Nf3 b5 6. Qc2 Bb7 7. e3 e6 8. Be2 Nbd7 9. O-O a6 10. a4 Rc8 11. Nc3 b4 12. Ne4 Nxe4 13. Qxe4 Qc7 14. Qd3 c5 15. b3 Bd6 16. Bb2 O-O 17. Rac1 Rfd8 18. Rfd1 Qb8 19. Qb1 h6 20. h3 a5 21. Ba1 Be7 22. Bb5 Qa8 23. Be2 Be4 24. Qa2 Bd5 25. Ne1 Bf6 26. Bc4 cxd4 27. Bxd4 Bxc4 28. Bxf6 Bxb3 29. Qxb3 Nxf6 30. Rxd8+ Rxd8 31. Qc4 Nd5 32. Nf3 Nc3 33. Rxc3 bxc3 34. Qxc3 Rc8 35. Qa3 Qc6 36. Kh2 Qc7+ 37. g3 Qc5 38. Qd3 Qc2 39. Qf1 Qxa4 40. Qa6 Qc6 41. Qe2 Qc2 42. Qf1 a4 43. Nd4 Qb2 44. Kg2 a3 45. Qa6 Rb8 0-1

[Event "Turkish Cup 2022"]
[Site "Sakarya"]
[Date "2022.03.27"]
[Round "4.27"]
[White "Ibik, Halit Yavuz"]
[Black "Elmas, Mustafa"]
[Result "1-0"]
[ECO "B90"]
[WhiteElo "1996"]
[BlackElo "1614"]
[Annotator "NA"]
[PlyCount "97"]
[EventDate "2022.03.25"]
[EventType "swiss"]
[EventCountry "TUR"]
[SourceTitle "playchess.com"]
[Source "ChessBase"]
[SourceQuality "1"]
[TimeControl "5400+30"]

1. e4 c5 2. Nf3 d6 3. d4 cxd4 4. Nxd4 Nf6 5. Nc3 a6 6. Be3 e5 7. Nb3 Be6 8. f3 Nbd7 9. Qd2 Qc7 10. g4 h6 11. O-O-O b5 12. Qf2 b4 13. Nd5 Bxd5 14. exd5 a5 15. Bb5 a4 16. Bb6 Qb8 17. Na5 b3 18. cxb3 axb3 19. a4 Be7 20. Nxb3 O-O 21. Be3 Qb7 22. Qd2 Nb6 23. Bxb6 Qxb6 24. Kb1 Nd7 25. Qd3 Nc5 26. Nxc5 Qxc5 27. Rc1 Qa7 28. Rc6 Rfc8 29. Rhc1 Rxc6 30. dxc6 Qc7 31. Qd5 Bg5 32. Rd1 Rd8 33. Rd3 Bf6 34. Rb3 Rb8 35. Bd3 Rxb3 36. Qxb3 Kf8 37. Be4 Bd8 38. Qb7 g6 39. b4 f5 40. gxf5 gxf5 41. Bxf5 d5 42. a5 Qd6 43. a6 e4 44. c7 Bxc7 45. a7 Qxh2 46. a8=Q+ Kg7 47. Qxd5 Qg1+ 48. Ka2 Qf2+ 49. Ka3 1-0

[Event "Turkish Cup 2022"]
[Site "Sakarya"]
[Date "2022.03.27"]
[Round "4.28"]
[White "Melik, Enes"]
[Black "Demirag, Batuhan"]
[Result "1-0"]
[ECO "A02"]
[WhiteElo "1592"]
[BlackElo "1923"]
[Annotator "NA"]
[PlyCount "101"]
[EventDate "2022.03.25"]
[EventType "swiss"]
[EventCountry "TUR"]
[SourceTitle "playchess.com"]
[Source "ChessBase"]
[SourceQuality "1"]
[TimeControl "5400+30"]

1. f4 c5 2. b3 Nf6 3. e3 g6 4. Nf3 Bg7 5. Bb2 d6 6. Be2 O-O 7. O-O Nc6 8. Bb5 Qb6 9. Bxc6 Qxc6 10. d3 b5 11. a4 a6 12. Qe2 Bb7 13. Nbd2 Nd5 14. Bxg7 Kxg7 15. Qf2 f6 16. Nh4 e5 17. f5 g5 18. Nhf3 Nc3 19. Nb1 Nd5 20. Nbd2 Rg8 21. g4 h5 22. axb5 axb5 23. Rxa8 Rxa8 24. Ne4 hxg4 25. Nfxg5 fxg5 26. f6+ Kf8 27. Qf5 Qc7 28. Nxg5 Nxe3 29. Ne6+ Kf7 30. Qh7+ Kxe6 31. Qxc7 Bg2 32. Qe7+ Kd5 33. Qb7+ Kd4 34. Qxa8 Bxa8 35. f7 Bf3 36. f8=Q d5 37. Rc1 b4 38. h4 Ng2 39. h5 Nf4 40. Qxf4+ exf4 41. h6 Kc3 42. h7 Kd2 43. Rf1 Kxc2 44. h8=Q Kxd3 45. Qf8 c4 46. Qxb4 c3 47. Qxf4 d4 48. Qf5+ Kd2 49. Rf2+ Ke3 50. Qe5+ Kd3 51. b4 1-0

[Event "Turkish Cup 2022"]
[Site "Sakarya"]
[Date "2022.03.27"]
[Round "4.29"]
[White "Kavri, Yusuf Eren"]
[Black "Ilcin, Murat Veysi"]
[Result "1-0"]
[ECO "E71"]
[WhiteElo "1886"]
[BlackElo "1588"]
[Annotator "NA"]
[PlyCount "69"]
[EventDate "2022.03.25"]
[EventType "swiss"]
[EventCountry "TUR"]
[SourceTitle "playchess.com"]
[Source "ChessBase"]
[SourceQuality "1"]
[TimeControl "5400+30"]

1. d4 Nf6 2. c4 g6 3. Nc3 Bg7 4. e4 d6 5. h3 O-O 6. Bg5 Nc6 7. Nf3 h6 8. Be3 e5 9. d5 Ne7 10. Qd2 Kh7 11. g4 Nfg8 12. Bd3 f5 13. exf5 gxf5 14. gxf5 Bxf5 15. Nh4 Qd7 16. O-O-O Bxd3 17. Qxd3+ Kh8 18. Rdg1 Rf7 19. Rg4 Nf5 20. Nxf5 Qxf5 21. Qd2 Nf6 22. Rh4 Rg8 23. Rg1 a6 24. Rg5 Qh7 25. Rg3 Qf5 26. Bxh6 Bxh6 27. Rxh6+ Rh7 28. Rxh7+ Kxh7 29. Rxg8 Kxg8 30. Qe3 b6 31. Kd2 Kh7 32. Qg3 Kh6 33. Qe3+ Kh5 34. Ne2 Ne4+ 35. Qxe4 1-0

[Event "Turkish Cup 2022"]
[Site "Sakarya"]
[Date "2022.03.27"]
[Round "4.30"]
[White "Kisacikoglu, Tolga"]
[Black "Canbulan, Arda"]
[Result "1/2-1/2"]
[ECO "B23"]
[WhiteElo "1647"]
[BlackElo "1867"]
[Annotator "NA"]
[PlyCount "81"]
[EventDate "2022.03.25"]
[EventType "swiss"]
[EventCountry "TUR"]
[SourceTitle "playchess.com"]
[Source "ChessBase"]
[SourceQuality "1"]
[TimeControl "5400+30"]

1. e4 c5 2. Nc3 d6 3. d4 cxd4 4. Qxd4 Nc6 5. Qd2 g6 6. b3 Bg7 7. Bb2 Nf6 8. O-O-O O-O 9. f3 h5 10. h4 Qa5 11. Kb1 Rd8 12. Nge2 e6 13. Rg1 d5 14. exd5 Nxd5 15. Nxd5 Rxd5 16. Qc1 Rxd1 17. Qxd1 Bxb2 18. Kxb2 Qe5+ 19. Nc3 Nb4 20. g4 Nd5 21. Qd2 Bd7 22. Bc4 Rc8 23. Bxd5 exd5 24. gxh5 b5 25. hxg6 b4 26. gxf7+ Kh7 27. Qg2 Qxc3+ 28. Kb1 Qf6 29. Qg8+ Kh6 30. h5 Bf5 31. Qxc8 Bxc8 32. Rg6+ Qxg6 33. f8=Q+ Qg7 34. Qxc8 Qg1+ 35. Kb2 Qd4+ 36. Kb1 Qd1+ 37. Kb2 Qd4+ 38. Kc1 Qe3+ 39. Kb1 Qg1+ 40. Kb2 Qd4+ 41. Kc1 1/2-1/2

[Event "Turkish Cup 2022"]
[Site "Sakarya"]
[Date "2022.03.27"]
[Round "4.31"]
[White "Surucu, Efe Mustafa"]
[Black "Kocakaplan, Emre"]
[Result "1-0"]
[ECO "B32"]
[WhiteElo "1598"]
[BlackElo "1846"]
[Annotator "NA"]
[PlyCount "91"]
[EventDate "2022.03.25"]
[EventType "swiss"]
[EventCountry "TUR"]
[SourceTitle "playchess.com"]
[Source "ChessBase"]
[SourceQuality "1"]
[TimeControl "5400+30"]

1. e4 c5 2. Nf3 Nc6 3. d4 cxd4 4. Nxd4 e5 5. Nb5 d6 6. N1c3 a6 7. Na3 Be6 8. Nc4 Rb8 9. a4 Nf6 10. Bg5 Nb4 11. Bxf6 gxf6 12. Nd5 Nxd5 13. exd5 Bd7 14. a5 Qc7 15. Ra3 Qc5 16. c3 Rg8 17. b4 Qc7 18. Nb6 Bh6 19. Bd3 Ke7 20. O-O Bh3 21. g3 Bxf1 22. Qxf1 Rg7 23. Qh3 Bg5 24. c4 Bd2 25. Rb3 Rh8 26. c5 Rd8 27. Nc4 dxc5 28. bxc5 Rxd5 29. Be4 Rxc5 30. Nxd2 Rb5 31. Rd3 Rg8 32. Qxh7 Rd8 33. Bg6 Qc1+ 34. Nf1 Rf8 35. Rf3 Qg5 36. Be4 Rc8 37. Ne3 Rxa5 38. h4 Qg8 39. Nf5+ Ke6 40. Ng7+ Ke7 41. Qh6 Ra1+ 42. Kg2 Rcc1 43. Qxf6+ Kd7 44. Rd3+ Kc8 45. Qxe5 Rg1+ 46. Kf3 1-0

[Event "Turkish Cup 2022"]
[Site "Sakarya"]
[Date "2022.03.27"]
[Round "4.33"]
[White "Hatipoglu, Metin"]
[Black "Gazioglu, Halit"]
[Result "0-1"]
[ECO "C89"]
[WhiteElo "1579"]
[BlackElo "1880"]
[Annotator "NA"]
[PlyCount "62"]
[EventDate "2022.03.25"]
[EventType "swiss"]
[EventCountry "TUR"]
[SourceTitle "playchess.com"]
[Source "ChessBase"]
[SourceQuality "1"]
[TimeControl "5400+30"]

1. e4 e5 2. Nf3 Nc6 3. Bb5 a6 4. Ba4 Nf6 5. O-O b5 6. Bb3 Be7 7. Re1 O-O 8. c3 d5 9. exd5 Nxd5 10. Nxe5 Nxe5 11. Rxe5 c6 12. d4 Bd6 13. Re1 Qh4 14. g3 Qh3 15. Be3 Bg4 16. Qd3 Rae8 17. Nd2 Re6 18. Qf1 Qh5 19. Qg2 Rfe8 20. Bxd5 cxd5 21. a4 b4 22. c4 dxc4 23. Nxc4 Bf3 24. Qf1 Bd5 25. Nd2 f5 26. h3 f4 27. Bxf4 Bxf4 28. gxf4 Qg6+ 29. Kh2 Rxe1 30. Rxe1 Rxe1 31. Qxe1 Qg2# 0-1

[Event "Turkish Cup 2022"]
[Site "Sakarya"]
[Date "2022.03.27"]
[Round "4.34"]
[White "Kayan, Veli"]
[Black "Gursu, Sungur"]
[Result "0-1"]
[ECO "A08"]
[WhiteElo "1915"]
[BlackElo "1562"]
[Annotator "NA"]
[PlyCount "78"]
[EventDate "2022.03.25"]
[EventType "swiss"]
[EventCountry "TUR"]
[SourceTitle "playchess.com"]
[Source "ChessBase"]
[SourceQuality "1"]
[TimeControl "5400+30"]

1. Nf3 d5 2. g3 c5 3. Bg2 Nc6 4. O-O Nf6 5. d3 Bg4 6. c3 e5 7. Bg5 Be7 8. Bxf6 Bxf6 9. Nbd2 h5 10. e4 d4 11. h3 Be6 12. Nb3 Qb6 13. Nfd2 dxc3 14. bxc3 O-O-O 15. Qc2 Qb5 16. d4 exd4 17. a4 Qe2 18. Nxc5 dxc3 19. Qb1 b6 20. e5 Qxe5 21. Nde4 bxc5 22. Nxf6 Nb4 23. Ne4 f5 24. Ng5 c2 25. Qc1 Bb3 26. Re1 Rd1 27. Nf3 Rxc1 28. Nxe5 Rxe1+ 29. Rxe1 Re8 30. f4 Nd3 31. Ra1 c1=Q+ 32. Rxc1 Nxc1 33. Kf2 c4 34. Bc6 Rxe5 35. fxe5 Nd3+ 36. Ke3 Nxe5 37. Be8 c3 38. Bxh5 c2 39. Kd2 Nd3 0-1

[Event "Turkish Cup 2022"]
[Site "Sakarya"]
[Date "2022.03.27"]
[Round "4.35"]
[White "Celik, Ege Yigit"]
[Black "Arcasoy, Tugrul"]
[Result "0-1"]
[ECO "A29"]
[WhiteElo "1466"]
[BlackElo "1883"]
[Annotator "NA"]
[PlyCount "106"]
[EventDate "2022.03.25"]
[EventType "swiss"]
[EventCountry "TUR"]
[SourceTitle "playchess.com"]
[Source "ChessBase"]
[SourceQuality "1"]
[TimeControl "5400+30"]

1. c4 e5 2. d3 Nf6 3. Nf3 Nc6 4. a3 d5 5. cxd5 Nxd5 6. Nc3 Be7 7. g3 Be6 8. Bg2 O-O 9. O-O Qd7 10. Bd2 f6 11. Rc1 Rab8 12. Ne4 Rfc8 13. Qc2 g5 14. e3 Rd8 15. Nc5 Bxc5 16. Qxc5 Nde7 17. Ne1 Bd5 18. e4 Be6 19. Be3 a6 20. Qc3 Rbc8 21. Rd1 Nd4 22. Qd2 Ng6 23. b4 Kh8 24. Qb2 c5 25. bxc5 Rxc5 26. Bxd4 Rb5 27. Bxe5 Rxb2 28. Bxf6+ Kg8 29. Bxb2 Qb5 30. Ba1 g4 31. Nc2 Bb3 32. Rb1 Qxd3 33. Nd4 Rxd4 34. Bxd4 Bc2 35. Rbc1 b5 36. Bc5 Ne5 37. Rfe1 a5 38. Kh1 Qc4 39. Be3 b4 40. Bf4 Nd3 41. Bf1 Qc3 42. Bxd3 Qxd3 43. axb4 axb4 44. Re3 Qc4 45. Ree1 b3 46. Be5 Qc5 47. Bb2 Qxf2 48. e5 Bf5 49. e6 Qxb2 50. Rc8+ Kg7 51. e7 Bxc8 52. e8=Q Bb7+ 53. Re4 Qb1+ 0-1

[Event "Turkish Cup 2022"]
[Site "Sakarya"]
[Date "2022.03.27"]
[Round "4.36"]
[White "Unesi, Erdal"]
[Black "Kaban, Mahmut"]
[Result "1-0"]
[ECO "E30"]
[WhiteElo "1861"]
[BlackElo "1525"]
[Annotator "NA"]
[PlyCount "107"]
[EventDate "2022.03.25"]
[EventType "swiss"]
[EventCountry "TUR"]
[SourceTitle "playchess.com"]
[Source "ChessBase"]
[SourceQuality "1"]
[TimeControl "5400+30"]

1. d4 Nf6 2. c4 e6 3. Nc3 Bb4 4. Bg5 c5 5. a3 Bxc3+ 6. bxc3 Qa5 7. Bd2 Nc6 8. Nf3 Ne4 9. e3 Nxd2 10. Qxd2 d6 11. Be2 e5 12. O-O O-O 13. Rfb1 Qc7 14. h3 f5 15. dxe5 dxe5 16. Qd5+ Kh8 17. Qxc5 Be6 18. Qb5 Rab8 19. a4 h6 20. a5 f4 21. exf4 Rxf4 22. Qc5 Rbf8 23. Rf1 Rxf3 24. Bxf3 Rxf3 25. gxf3 Bxh3 26. Qf8+ Kh7 27. Rfd1 Ne7 28. Qf7 Qc5 29. Qh5 Bf5 30. Qh4 Ng6 31. Qh5 Be6 32. Re1 Bxc4 33. Re4 Bd3 34. Re3 Qc4 35. Rd1 Bc2 36. Rd2 Qa4 37. Qg4 Qa1+ 38. Kh2 Qc1 39. Rde2 Nf4 40. Re1 Qd2 41. Qg3 Nd3 42. R1e2 Qxc3 43. Qg4 Qc7 44. Rxc2 Qxc2 45. Qe4+ Kg8 46. Qxd3 Qxf2+ 47. Kh3 Qg1 48. Qe2 Qh1+ 49. Qh2 Qf1+ 50. Qg2 Qc1 51. Rxe5 Qc8+ 52. Qg4 Qc2 53. Qe4 Qc8+ 54. Kg2 1-0

[Event "Turkish Cup 2022"]
[Site "Sakarya"]
[Date "2022.03.27"]
[Round "4.37"]
[White "Anacak, Hasan Gunes"]
[Black "Kandaz, Berat Efe"]
[Result "0-1"]
[ECO "C55"]
[WhiteElo "1798"]
[BlackElo "1519"]
[Annotator "NA"]
[PlyCount "54"]
[EventDate "2022.03.25"]
[EventType "swiss"]
[EventCountry "TUR"]
[SourceTitle "playchess.com"]
[Source "ChessBase"]
[SourceQuality "1"]
[TimeControl "5400+30"]

1. e4 e5 2. Nf3 Nc6 3. Bc4 Bc5 4. c3 Nf6 5. d3 O-O 6. O-O d5 7. exd5 Nxd5 8. Re1 Bg4 9. h3 Bh5 10. Nbd2 Nb6 11. Bb5 Bd6 12. Ne4 f5 13. Bxc6 bxc6 14. Ng3 Bxf3 15. Qxf3 Qd7 16. Rd1 Rae8 17. c4 e4 18. dxe4 fxe4 19. Qe2 Qe6 20. b3 e3 21. Qxe3 Qf6 22. Qd2 Qxa1 23. Bb2 Qxa2 24. c5 Bf4 25. Qc2 Be5 26. cxb6 Qxb2 27. Qc4+ Kh8 0-1

[Event "Turkish Cup 2022"]
[Site "Sakarya"]
[Date "2022.03.27"]
[Round "4.38"]
[White "Ozcan, Kadir Kutay"]
[Black "Dolek, Gokalp Deniz"]
[Result "0-1"]
[ECO "C00"]
[WhiteElo "1878"]
[BlackElo "1520"]
[Annotator "NA"]
[PlyCount "122"]
[EventDate "2022.03.25"]
[EventType "swiss"]
[EventCountry "TUR"]
[SourceTitle "playchess.com"]
[Source "ChessBase"]
[SourceQuality "1"]
[TimeControl "5400+30"]

1. e4 e6 2. b3 d5 3. Bb2 Nf6 4. Nc3 dxe4 5. g4 Bd7 6. g5 Nd5 7. Nxe4 Bc6 8. Bg2 Nf4 9. Bf3 Nd7 10. h4 Nb6 11. Ne2 Nbd5 12. Be5 Ng6 13. Bg3 Bd6 14. Nxd6+ cxd6 15. d4 Nge7 16. c4 Nb4 17. Bxc6+ Nbxc6 18. Qd2 d5 19. Rd1 Rc8 20. Bf4 dxc4 21. bxc4 Na5 22. c5 Qd5 23. Rg1 Nac6 24. Nc3 Qc4 25. Ne4 Nf5 26. Nd6+ Nxd6 27. Bxd6 Nb4 28. f4 Rc6 29. Rg3 Ra6 30. a3 Nd5 31. Rb1 b6 32. Rc1 Qb5 33. Qe2 Qxe2+ 34. Kxe2 Kd7 35. Rb3 Rc8 36. Kf3 Ra4 37. Ke4 g6 38. Kd3 Rc6 39. cxb6 axb6 40. Rxc6 Kxc6 41. Be5 b5 42. Ke4 Rc4 43. h5 gxh5 44. Kd3 Rc1 45. Rb2 Rc3+ 46. Kd2 h4 47. Ke2 h3 48. Kf2 Rxa3 49. f5 b4 50. fxe6 fxe6 51. Kg1 Rc3 52. Kf2 b3 53. Ke1 Kb5 54. Kd2 Kc4 55. Kd1 Ne3+ 56. Ke2 Nc2 57. d5 Re3+ 58. Kd2 Rxe5 59. dxe6 Rxe6 60. g6 Rxg6 61. Kc1 h2 0-1

[Event "Turkish Cup 2022"]
[Site "Sakarya"]
[Date "2022.03.27"]
[Round "4.39"]
[White "Avsar, Gediz"]
[Black "Kilic, Cihan"]
[Result "1-0"]
[ECO "B13"]
[WhiteElo "1506"]
[BlackElo "1874"]
[Annotator "NA"]
[PlyCount "85"]
[EventDate "2022.03.25"]
[EventType "swiss"]
[EventCountry "TUR"]
[SourceTitle "playchess.com"]
[Source "ChessBase"]
[SourceQuality "1"]
[TimeControl "5400+30"]

1. e4 c6 2. d4 d5 3. exd5 cxd5 4. Bd3 Nc6 5. c3 e6 6. Bf4 Bd6 7. Bxd6 Qxd6 8. Nf3 Nge7 9. O-O f6 10. Nbd2 O-O 11. Re1 e5 12. dxe5 Nxe5 13. Be2 Be6 14. Nb3 N7g6 15. Nbd4 Bf7 16. Qc2 Rad8 17. Rad1 Qc5 18. Bf1 Rfe8 19. Qd2 a6 20. Re3 b5 21. Rde1 Qb6 22. g3 Rd7 23. Bh3 Rde7 24. Kg2 Nc4 25. Rxe7 Nxd2 26. Rxe8+ Bxe8 27. Rxe8+ Kf7 28. Re6 Qa5 29. Nxd2 Qxa2 30. Rc6 Ne5 31. Rc7+ Ke8 32. Be6 Kd8 33. Rc5 Qxb2 34. Nf5 Nd7 35. Rxd5 Kc7 36. Rxd7+ Kb6 37. Rd6+ Kc7 38. Ne4 Qe2 39. Rc6+ Kb7 40. Nc5+ Kb8 41. Nxa6+ Ka8 42. Bd5 Ka7 43. Nd4 1-0

[Event "Turkish Cup 2022"]
[Site "Sakarya"]
[Date "2022.03.27"]
[Round "4.40"]
[White "Topuz, Mirac Melih"]
[Black "Karadag, Eflatun Cem"]
[Result "1/2-1/2"]
[ECO "A49"]
[WhiteElo "1515"]
[BlackElo "1800"]
[Annotator "NA"]
[PlyCount "153"]
[EventDate "2022.03.25"]
[EventType "swiss"]
[EventCountry "TUR"]
[SourceTitle "playchess.com"]
[Source "ChessBase"]
[SourceQuality "1"]
[TimeControl "5400+30"]

1. d4 Nf6 2. Nf3 d6 3. b3 Nbd7 4. Bb2 g6 5. g3 Bg7 6. Bg2 O-O 7. O-O e5 8. dxe5 Ng4 9. Kh1 Re8 10. Nbd2 Ngxe5 11. Nxe5 Nxe5 12. Ne4 d5 13. f4 dxe4 14. Qxd8 Rxd8 15. fxe5 Bf5 16. g4 Bxg4 17. Bxe4 c6 18. Bd3 Be6 19. Rf2 Rd7 20. Raf1 Re8 21. Kg2 b5 22. Rf4 Bd5+ 23. e4 Be6 24. Bc3 a6 25. a4 Rb7 26. axb5 axb5 27. Ra1 c5 28. Rff1 c4 29. bxc4 bxc4 30. Be2 h5 31. Rfb1 Reb8 32. Rxb7 Rxb7 33. Ra4 Rc7 34. Kf2 Kh7 35. Ke3 Kh6 36. Kd4 Kg5 37. Ra1 Rd7+ 38. Ke3 Bf8 39. Rg1+ Kh6 40. Bd4 Be7 41. c3 Bg5+ 42. Kf2 Rb7 43. Be3 Bxe3+ 44. Kxe3 Rb2 45. Ra1 Rc2 46. Ra3 Kg5 47. h3 Kh4 48. Bf1 Rc1 49. Be2 Kxh3 50. Kd4 Kg3 51. Bxc4 Rd1+ 52. Kc5 Bxc4 53. Kxc4 Rd7 54. Ra6 Re7 55. Kd5 h4 56. Rf6 h3 57. e6 fxe6+ 58. Kd6 Rg7 59. Rf1 Kg2 60. Ra1 g5 61. Kxe6 g4 62. Kf6 Rc7 63. e5 Rxc3 64. Kf5 g3 65. e6 Rf3+ 66. Kg4 Re3 67. Kf4 Rf3+ 68. Kg4 h2 69. e7 Re3 70. Ra2+ Kf1 71. Ra1+ Ke2 72. e8=Q Rxe8 73. Kxg3 Rh8 74. Ra2+ Ke3 75. Rxh2 Rg8+ 76. Kh4 Kf3 77. Ra2 1/2-1/2

[Event "Turkish Cup 2022"]
[Site "Sakarya"]
[Date "2022.03.27"]
[Round "4.41"]
[White "Arslan, Tayfun"]
[Black "Kuru, Atilla"]
[Result "0-1"]
[ECO "C01"]
[WhiteElo "1512"]
[BlackElo "1674"]
[Annotator "NA"]
[PlyCount "70"]
[EventDate "2022.03.25"]
[EventType "swiss"]
[EventCountry "TUR"]
[SourceTitle "playchess.com"]
[Source "ChessBase"]
[SourceQuality "1"]
[TimeControl "5400+30"]

1. e4 e6 2. d4 d5 3. exd5 exd5 4. Nf3 Bd6 5. Bd3 Ne7 6. O-O Bg4 7. h3 Bh5 8. Bg5 f6 9. Bh4 Nbc6 10. c3 Qd7 11. b4 Ng6 12. Re1+ Nce7 13. Bg3 Nf4 14. Bxf4 Bxf4 15. Qe2 Bd6 16. Nbd2 O-O-O 17. a4 g5 18. Qe6 Qxe6 19. Rxe6 Rdf8 20. Rae1 Kd7 21. g4 Bg6 22. Bxg6 Nxg6 23. R6e3 h5 24. gxh5 Rxh5 25. Kf1 Nf4 26. Ng1 Rfh8 27. Rf3 Nxh3 28. Nxh3 Rxh3 29. Ree3 Rh1+ 30. Ke2 Bf4 31. Nf1 Bxe3 32. Nxe3 Ke6 33. c4 c6 34. cxd5+ cxd5 35. Nd1 R8h3 0-1

[Event "Turkish Cup 2022"]
[Site "Sakarya"]
[Date "2022.03.27"]
[Round "4.42"]
[White "Kurdas, Halil Ibrahim"]
[Black "Kervancioglu, Talu"]
[Result "1-0"]
[ECO "B35"]
[WhiteElo "1850"]
[BlackElo "1497"]
[Annotator "NA"]
[PlyCount "63"]
[EventDate "2022.03.25"]
[EventType "swiss"]
[EventCountry "TUR"]
[SourceTitle "playchess.com"]
[Source "ChessBase"]
[SourceQuality "1"]
[TimeControl "5400+30"]

1. e4 c5 2. Nf3 g6 3. d4 cxd4 4. Nxd4 Nc6 5. Bc4 Bg7 6. Be3 Nf6 7. Nc3 Qa5 8. f3 Qb4 9. Nxc6 Qxc4 10. Ne5 Qc7 11. Nd3 d6 12. Qd2 a6 13. Nf4 Be6 14. Bd4 O-O 15. g4 Qc4 16. O-O-O Rac8 17. h4 b5 18. b3 Qb4 19. Kb2 Bxb3 20. a3 Qa5 21. cxb3 e5 22. Bxe5 dxe5 23. Nfd5 Kh8 24. b4 Qd8 25. h5 a5 26. h6 Ng8 27. hxg7+ Kxg7 28. Qh2 h6 29. Qxe5+ f6 30. Qh2 axb4 31. axb4 Ra8 32. Qc7+ 1-0

[Event "Turkish Cup 2022"]
[Site "Sakarya"]
[Date "2022.03.27"]
[Round "4.43"]
[White "Once, Ahmet Asim"]
[Black "Durucay, Uygar"]
[Result "0-1"]
[ECO "A14"]
[WhiteElo "1450"]
[BlackElo "1700"]
[Annotator "NA"]
[PlyCount "90"]
[EventDate "2022.03.25"]
[EventType "swiss"]
[EventCountry "TUR"]
[SourceTitle "playchess.com"]
[Source "ChessBase"]
[SourceQuality "1"]
[TimeControl "5400+30"]

1. d4 Nf6 2. Nf3 e6 3. g3 d5 4. Bg2 Be7 5. O-O O-O 6. b3 b6 7. Bb2 Bb7 8. Nbd2 c5 9. e3 Nc6 10. c4 cxd4 11. exd4 Rc8 12. a3 Rc7 13. Rc1 Qa8 14. cxd5 Nxd5 15. Qe2 Rfc8 16. h4 h6 17. Rfe1 Nf6 18. Qe3 b5 19. Bh3 Nd8 20. Ne5 Bd5 21. g4 Nh7 22. Ndf3 Nc6 23. Nxc6 Rxc6 24. Ne5 Rc2 25. Re2 Rxc1+ 26. Bxc1 Bxh4 27. f4 Bd8 28. Bd2 Nf6 29. g5 hxg5 30. fxg5 Ne4 31. Qf4 Nxg5 32. Qf1 Qb7 33. Bg4 Ne4 34. Bh5 g6 35. Bxg6 fxg6 36. Rg2 g5 37. Bb4 Qg7 38. Ng4 Qxd4+ 39. Kh2 Bc7+ 40. Rg3 Bxg3+ 41. Kg2 Nd2+ 42. Kxg3 Nxf1+ 43. Kh3 Qh8+ 44. Nh6+ Qxh6+ 45. Kg4 Qh4# 0-1

[Event "Turkish Cup 2022"]
[Site "Sakarya"]
[Date "2022.03.27"]
[Round "4.44"]
[White "Hatirli, Ugur Can"]
[Black "Er, Mira"]
[Result "0-1"]
[ECO "D05"]
[WhiteElo "1818"]
[BlackElo "1415"]
[Annotator "NA"]
[PlyCount "112"]
[EventDate "2022.03.25"]
[EventType "swiss"]
[EventCountry "TUR"]
[SourceTitle "playchess.com"]
[Source "ChessBase"]
[SourceQuality "1"]
[TimeControl "5400+30"]

1. d4 c5 2. e3 Nf6 3. Nf3 d5 4. c3 Nc6 5. Bd3 g6 6. Nbd2 Bg7 7. Qe2 O-O 8. dxc5 Nd7 9. Nb3 Nde5 10. Nxe5 Nxe5 11. Bc2 Qc7 12. O-O Ng4 13. f4 a5 14. a4 f5 15. Bd2 e5 16. h3 Nf6 17. fxe5 Qxe5 18. Nd4 Ne4 19. Bxe4 Qxe4 20. Qf3 Bd7 21. Qxe4 dxe4 22. Rfc1 Rfc8 23. Nb3 Be6 24. Ra3 Rd8 25. Be1 Bf8 26. c4 Rd3 27. Bf2 Bh6 28. Nd4 Rxd4 29. exd4 Bxc1 30. d5 Bd7 31. Rb3 e3 32. Bh4 g5 33. Bxg5 e2 34. Bh4 Bd2 35. Rxb7 Bxa4 36. c6 e1=Q+ 37. Bxe1 Bxe1 38. c7 Rc8 39. b3 Bd7 40. c5 Bg3 41. d6 Be5 42. b4 Bd4+ 43. Kh2 axb4 44. c6 Bxc6 45. Rb8 Bd7 46. Rxb4 Bc5 47. Rc4 Bxd6+ 48. g3 Bxc7 49. Rd4 Bc6 50. h4 Be4 51. Kh3 Bb6 52. Rd1 Rc2 53. h5 h6 54. Rd7 Bg2+ 55. Kh4 Bf1 56. g4 Bf2# 0-1

[Event "Turkish Cup 2022"]
[Site "Sakarya"]
[Date "2022.03.27"]
[Round "4.45"]
[White "Zaimov, Berk"]
[Black "Serbulent, Huseyin"]
[Result "0-1"]
[ECO "B06"]
[WhiteElo "1498"]
[BlackElo "1775"]
[Annotator "NA"]
[PlyCount "92"]
[EventDate "2022.03.25"]
[EventType "swiss"]
[EventCountry "TUR"]
[SourceTitle "playchess.com"]
[Source "ChessBase"]
[SourceQuality "1"]
[TimeControl "5400+30"]

1. e4 g6 2. d4 Bg7 3. Nc3 d6 4. Be3 a6 5. Nf3 Nd7 6. Bd3 b5 7. Qd2 Bb7 8. a4 b4 9. Ne2 c5 10. c3 Qa5 11. O-O Ngf6 12. e5 Ne4 13. Bxe4 Bxe4 14. Ng5 Bf5 15. exd6 exd6 16. Ng3 bxc3 17. bxc3 c4 18. Bf4 O-O 19. Bxd6 Rfe8 20. Qf4 h6 21. N5e4 Bxe4 22. Nxe4 g5 23. Qf3 Qd5 24. Be5 f6 25. Nd6 Qxf3 26. gxf3 fxe5 27. Nxe8 Rxe8 28. Rfe1 Kf7 29. Re4 exd4 30. cxd4 Rxe4 31. fxe4 Bxd4 32. Rd1 Ne5 33. Kf1 Bb2 34. Rd8 c3 35. Rc8 Nd3 36. Ke2 Nb4 37. Kd1 c2+ 38. Rxc2 Nxc2 39. Kxc2 Bd4 40. f3 Ke6 41. Kd3 Ke5 42. a5 Bg1 43. h3 Kd6 44. Kc4 Bf2 45. Kb4 Be1+ 46. Ka4 Ke5 0-1

[Event "Turkish Cup 2022"]
[Site "Sakarya"]
[Date "2022.03.27"]
[Round "4.46"]
[White "Aysoy, Veysi"]
[Black "Erke, Mustafa Yigit"]
[Result "1-0"]
[ECO "A89"]
[WhiteElo "1811"]
[BlackElo "1517"]
[Annotator "NA"]
[PlyCount "99"]
[EventDate "2022.03.25"]
[EventType "swiss"]
[EventCountry "TUR"]
[SourceTitle "playchess.com"]
[Source "ChessBase"]
[SourceQuality "1"]
[TimeControl "5400+30"]

1. d4 f5 2. g3 g6 3. Bg2 Bg7 4. Nf3 Nf6 5. O-O O-O 6. c4 d6 7. Nc3 Nc6 8. d5 Ne5 9. Nxe5 dxe5 10. Qb3 Nd7 11. Rd1 a5 12. Na4 Kh8 13. c5 b5 14. cxb6 cxb6 15. d6 Rb8 16. Bg5 Bf6 17. Bh6 Bg7 18. Qe6 exd6 19. Bxg7+ Kxg7 20. Qxd6 Qf6 21. Qc7 e4 22. Rac1 f4 23. Bxe4 fxg3 24. Qxg3 Ne5 25. Nc3 Qf4 26. e3 Qxg3+ 27. hxg3 Bg4 28. Rd5 Nf3+ 29. Kf1 Rbd8 30. Kg2 Nd2 31. Rxd8 Rxd8 32. Rc2 Be6 33. Bc6 Rd6 34. Ne4 Nxe4 35. Bxe4 Bxa2 36. Bf3 Bd5 37. e4 Bc6 38. e5 Bxf3+ 39. Kxf3 Rd7 40. Ke4 Kf7 41. f4 a4 42. g4 Rb7 43. f5 b5 44. Rh2 Kg8 45. f6 b4 46. e6 b3 47. f7+ Kg7 48. Rxh7+ Kxh7 49. f8=Q a3 50. Qxa3 1-0

[Event "Turkish Cup 2022"]
[Site "Sakarya"]
[Date "2022.03.27"]
[Round "4.47"]
[White "Aydemir, Umut"]
[Black "Gok, Emre"]
[Result "0-1"]
[ECO "A90"]
[WhiteElo "1554"]
[BlackElo "1745"]
[Annotator "NA"]
[PlyCount "92"]
[EventDate "2022.03.25"]
[EventType "swiss"]
[EventCountry "TUR"]
[SourceTitle "playchess.com"]
[Source "ChessBase"]
[SourceQuality "1"]
[TimeControl "5400+30"]

1. d4 f5 2. Nh3 Nf6 3. g3 e6 4. Bg2 d5 5. c4 c6 6. Qc2 Bd6 7. Nd2 O-O 8. O-O Qe8 9. Nf3 Nbd7 10. Bf4 Ne4 11. Bxd6 Nxd6 12. b3 Nf6 13. Ne5 Nd7 14. f3 Nxe5 15. dxe5 Nf7 16. e4 fxe4 17. fxe4 d4 18. c5 Nxe5 19. Qd2 Ng4 20. Rxf8+ Qxf8 21. Rf1 Qe7 22. Qxd4 e5 23. Qc3 Be6 24. Nf2 Rd8 25. Nd3 Qg5 26. Re1 Rd4 27. h3 Nf6 28. Kh2 Nh5 29. Nf2 Qd2 30. Qf3 Qxe1 31. Qxh5 Qxf2 32. Qe8+ Qf8 33. Qxe6+ Kh8 34. Qxe5 Rd2 35. Qc7 h6 36. h4 Qf2 37. Qc8+ Kh7 38. Qh3 Qxc5 39. h5 Rd1 40. Qg4 Rd6 41. e5 Qxe5 42. Be4+ Kg8 43. Qc8+ Kf7 44. Bg6+ Kf6 45. Qf8+ Kg5 46. Qf2 c5 0-1